 Dungeon Crawl Stone Soup version 0.25-a0-317-g5f8687bca5 (webtiles) character file.

Game seed: 8747225186988452897, levelgen mode: deterministic

5954 silin the Geomancer (level 10, -3/71 HPs)
             Began as an Octopode Earth Elementalist on Dec 26, 2019.
             Was a High Priest of Makhleb.
             Slain by a two-headed ogre
             ... wielding a +0 giant club
              (20 damage)
             ... on level 8 of the Dungeon.
             The game lasted 00:17:46 (11810 turns).

silin the Geomancer (Octopode Earth Elementalist)  Turns: 11810, Time: 00:17:47

Health: -3/71      AC:  1    Str:  8    XL:     10   Next: 84%
Magic:  1/20       EV: 18    Int: 19    God:    Makhleb [*****.]
Gold:   361        SH:  0    Dex: 14    Spells: 8/23 levels left

rFire    + + .     SeeInvis .   r - +2 whip (freeze)
rCold    . . .     Gourm    .   (no shield)
rNeg     + . .     Faith    .   (helmet restricted)
rPois    .         Spirit   .   (no amulet)
rElec    .         Reflect  .   j - ring of resist corrosion
rCorr    +         Harm     .   n - ring of protection from fire
MR       .....                  B - ring of protection from fire
Stlth    +++.......             A - ring of flight
HPRegen  0.21/turn              I - ring of positive energy
MPRegen  0.17/turn              (no ring)
                                (no ring)
                                (no ring)

@: no status effects
A: almost no armour, stealthy swim, amphibious, 8 rings, constrict 8, camouflage
1, gelatinous body 1
a: Minor Destruction, Lesser Servant of Makhleb, Major Destruction, Greater
Servant of Makhleb, Renounce Religion, Evoke Flight


You were on level 8 of the Dungeon.
You worshipped Makhleb.
Makhleb was extremely pleased with you.
You were not hungry.

You visited 1 branch of the dungeon, and saw 8 of its levels.

You collected 361 gold pieces.

Inventory:

Hand Weapons
 e - a +0 club
 p - the +5 falchion "Gunirih" {antimagic, rN+ Str+2 Dex+3 Stlth+}
   (You found it on level 5 of the Dungeon)

   It reduces the magical energy of the wielder, and disrupts the spells and
   magical abilities of those hit.
   Natural abilities and divine invocations are not affected.
   It affects your strength (+2).
   It affects your dexterity (+3).
   It protects you from negative energy.
   It makes you more stealthy.
 r - a +2 whip of freezing (weapon)
 G - a +4 halberd
Missiles
 a - 19 poisoned darts (quivered)
 b - 26 stones
 d - 36 sling bullets
 q - 127 arrows
Armour
 H - a +0 buckler
Jewellery
 j - a ring of resist corrosion (left tentacle)
 n - a ring of protection from fire (right tentacle)
 A - a ring of flight (on tentacle)
 B - a ring of protection from fire (on tentacle)
 I - a ring of positive energy (on tentacle)
Wands
 v - a wand of random effects (15)
 C - a wand of paralysis (9)
 L - a wand of digging (6)
 M - a wand of enslavement (8)
Scrolls
 g - 4 scrolls of magic mapping
 h - 2 scrolls of blinking {unknown}
 i - a scroll of teleportation {unknown}
 k - 5 scrolls of immolation {unknown}
 l - 5 scrolls of identify {unknown}
 m - 10 scrolls of remove curse {unknown}
 o - 2 scrolls of fog {unknown}
 w - 2 scrolls of enchant weapon {unknown}
 y - 2 scrolls of noise {unknown}
 z - a scroll of random uselessness {unknown}
 D - a scroll of enchant armour {unknown}
 J - a scroll of amnesia {unknown}
Potions
 f - a potion of brilliance
 s - 3 potions of curing {unknown}
 u - 3 potions of haste {unknown}
 x - 11 potions of degeneration
 F - 3 potions of lignification {unknown}
 K - a potion of ambrosia {unknown}
Comestibles
 c - 16 rations


   Skills:
 + Level 7.4 Fighting
 + Level 7.8 Dodging
 - Level 2.7 Stealth
 + Level 3.6 Shields
 + Level 7.2 Spellcasting
 + Level 1.0 Transmutations
 + Level 8.0 Earth Magic
 + Level 4.0 Invocations


You had 8 spell levels left.
You knew the following spells:

 Your Spells              Type           Power        Failure   Level  Hunger
a - Sandblast             Erth           #####.       1%          1    None
b - Stone Arrow           Conj/Erth      ###...       6%          3    #......
c - Passwall              Tmut/Erth      ###.....     2%          2    None
d - Lee's Rapid Deconstr  Erth           #####.....   11%         5    #####..
e - Petrify               Tmut/Erth      ###.....     16%         4    ###....

Your spell library contained the following spells:

 Spells                   Type           Power        Failure   Level  Hunger


Dungeon Overview and Level Annotations

Branches:
Dungeon (8/15)             Temple (0/1) D:7            Lair (0/6) D:8

Altars:
Ashenzari
Cheibriados
Elyvilon
Fedhas
Hepliaklqana
Kikubaaqudgha
Makhleb
Vehumet
Xom
The Shining One


Innate Abilities, Weirdness & Mutations

You cannot wear most types of armour.
You are very stealthy in the water. (Stealth+)
You are amphibious.
You can wear up to eight rings at the same time.
You can use your tentacles to constrict eight enemies at once.
Your skin changes colour to match your surroundings (Stealth+).
Your rubbery body absorbs attacks. (AC +1, EV +1)


Message History

Press: ? - help, Shift-Dir - straight line The puff of flame hits something but does no damage.
Unknown command.
Evoke which item? (* to show all) (? for menu, Esc to quit)
Okay, then.
Casting: Sandblast (safe; 1% risk of failure)
Confirm with . or Enter, or press ? or * to list all spells.
You can't see any susceptible monsters within range! (Use Z to cast anyway.)
Casting: Sandblast (safe; 1% risk of failure)
Confirm with . or Enter, or press ? or * to list all spells.
Aiming: Sandblast (safe; 1% risk of failure)
Press: ? - help, Shift-Dir - straight line
b - 26 stones Something hits you!! x2
* * * LOW HITPOINT WARNING * * *
Unknown command.
Unknown command.
Okay, then.
Something hits you!!
You die...

..#P...P..P.##....##
##..P..♣...♣...##.#
#.............###.#
#.....P.....P.###.#
....P..P...P...##.# ##
....P♣......P..##.# ..
P.....P>PP.....##.# ##.#
....♣..........##.####...#
.....P........P.@......#
#....P.P.....♣..##<.####
#...PPP..P.P..#####.#
##...P.P.....## #.#
#..P......P..## #.#
..###....P....# #.# ###
###....##(# #.#### #####
.## ###### ..# #....#
#...# ..# #... #....#
#...#


There were no monsters in sight!

Vanquished Creatures
  Pikel (D:4)
  Psyche (D:8)
  A hippogriff (D:8)
  4 yaks
  2 basilisks
  A wyvern (D:8)
  A water moccasin (D:6)
  3 porcupines (D:8)
  2 slaves
  A phantom (D:8)
  2 sky beasts (D:7)
  5 ogres
  A necrophage (D:5)
  3 centaurs
  2 crocodiles (D:8)
  3 scorpions (D:8)
  A water moccasin skeleton (D:5)
  9 killer bees
  7 wights
  2 howler monkeys
  3 crimson imps (D:5)
  3 jellies
  2 quasits (D:7)
  A gnoll shaman (D:6)
  A hound (D:5)
  14 orc wizards
  6 orc priests
  2 bullfrog skeletons (D:4)
  An iguana (D:5)
  A centaur skeleton (D:4)
  Natasha (thrice) (D:4)
  3 worker ants
  A hound zombie (D:8)
  2 hound skeletons
  A mummy (D:8)
  Robin (D:3)
  4 adders
  7 gnolls
  A howler monkey skeleton (D:6)
  2 shadow imps
  2 oozes
  An adder skeleton (D:5)
  7 dart slugs
  4 leopard geckos
  39 orcs
  2 bat skeletons (D:3)
  3 bat zombies (D:3)
  7 giant cockroaches
  16 goblins
  7 hobgoblins
  7 jackals
  5 kobolds
  3 quokkas
  3 ball pythons
  6 bats
  7 frilled lizards
  A leopard gecko skeleton (D:6)
  A leopard gecko zombie (D:6)
  A quokka skeleton (D:8)
  8 rats
241 creatures vanquished.

Vanquished Creatures (others)
  A fungus (D:8)
  5 plants (D:8)
6 creatures vanquished.

Grand Total: 247 creatures vanquished

Notes
Turn   | Place    | Note
-------+----------+-------------------------------------------
     0 | D:1      | silin the Octopode Earth Elementalist began the quest for
                  | the Orb.
     0 | D:1      | Reached XP level 1. HP: 11/11 MP: 3/3
   169 | D:1      | Reached XP level 2. HP: 17/17 MP: 3/5
   549 | D:1      | Reached XP level 3. HP: 21/21 MP: 0/6
  1428 | D:3      | Found a radiant altar of Vehumet.
  1589 | D:2      | Found a shimmering altar of Xom.
  1589 | D:2      | Found a shattered altar of Ashenzari.
  1697 | D:2      | Found a burning altar of Makhleb.
  1700 | D:2      | Found a glowing golden altar of the Shining One.
  1732 | D:2      | Became a worshipper of Makhleb the Destroyer
  1773 | D:2      | You fall into a shaft and drop 2 floors!
  1785 | D:4      | Reached skill level 1 in Fighting
  1785 | D:4      | Reached XP level 4. HP: 28/28 MP: 5/7
  1793 | D:4      | Noticed Natasha
  1800 | D:4      | Killed Natasha
  2080 | D:5      | Entered Level 5 of the Dungeon
  2123 | D:7      | Noticed a sky beast
  2131 | D:7      | Killed a sky beast
  2131 | D:7      | Reached skill level 4 in Earth Magic
  2131 | D:7      | Reached XP level 5. HP: 13/34 MP: 1/9
  2198 | D:7      | Found a staircase to the Ecumenical Temple.
  2332 | D:4      | Noticed an ogre
  2351 | D:5      | Got a translucent falchion
  2352 | D:5      | Identified the +5 falchion "Gunirih" {antimagic, rN+ Str+2
                  | Dex+3 Stlth+} (You found it on level 5 of the Dungeon)
  2373 | D:4      | Reached XP level 6. HP: 30/39 MP: 3/10
  2537 | D:4      | Learned a level 3 spell: Stone Arrow
  2542 | D:4      | Learned a level 2 spell: Passwall
  2593 | D:4      | Noticed Pikel
  2593 | D:4      | Noticed a slave
  2593 | D:4      | Noticed a slave
  2593 | D:4      | Noticed a slave
  2658 | D:4      | Noticed Natasha
  2675 | D:4      | Killed Natasha
  2838 | D:4      | Noticed a slave
  3245 | D:3      | Found a faded altar of an unknown god.
  3293 | D:2      | Reached XP level 7. HP: 28/45 MP: 1/12
  3294 | D:2      | Reached * piety under Makhleb
  3668 | D:3      | Noticed Robin
  3707 | D:3      | Killed Robin
  3749 | D:3      | Found a white marble altar of Elyvilon.
  4110 | D:3      | Found an ancient bone altar of Kikubaaqudgha.
  4115 | D:3      | Reached ** piety under Makhleb
  4337 | D:4      | Noticed Natasha
  4338 | D:4      | Reached skill level 5 in Earth Magic
  4346 | D:4      | Killed Natasha
  4644 | D:4      | Killed Pikel
  4644 | D:4      | Reached skill level 5 in Dodging
  4644 | D:4      | Reached XP level 8. HP: 19/54 MP: 0/15
  5684 | D:5      | Reached skill level 6 in Earth Magic
  5733 | D:5      | Found a hazy altar of Hepliaklqana.
  5755 | D:5      | Reached skill level 5 in Spellcasting
  5995 | D:5      | Reached skill level 5 in Fighting
  6377 | D:5      | Reached XP level 9. HP: 59/60 MP: 5/17
  6910 | D:6      | Reached *** piety under Makhleb
  8057 | D:6      | Learned a level 5 spell: Lee's Rapid Deconstruction
  8241 | D:7      | Reached skill level 7 in Earth Magic
  8818 | D:7      | Reached **** piety under Makhleb
  9141 | D:7      | Reached skill level 1 in Shields
  9141 | D:7      | Reached skill level 1 in Invocations
  9809 | D:8      | Found a staircase to the Lair.
  9818 | D:7      | Reached XP level 10. HP: 62/68 MP: 13/19
 10404 | D:8      | Found a blossoming altar of Fedhas.
 10507 | D:8      | Reached ***** piety under Makhleb
 10608 | D:8      | Found a snail-covered altar of Cheibriados.
 10681 | D:8      | Reached skill level 8 in Earth Magic
 11211 | D:8      | Noticed Psyche
 11502 | D:8      | Killed Psyche
 11619 | D:8      | Noticed a two-headed ogre
 11749 | D:8      | Learned a level 4 spell: Petrify
 11810 | D:8      | Slain by a two-headed ogre

Levels and vault maps discovered:
D:1:      elethiomel_arrival_infinity_welcomes_careful_drivers, layout_basic
D:2:      layout_loops_ring, lemuel_crystal_altar,
          nicolae_overflow_hidden_temple, gammafunk_temple_overflow_pools
D:3:      layout_rooms, kennysheep_vampire_church, grunt_temple_overflow_open,
          chequers_ecumenical_altar_simple_redux, uniq_robin
D:4:      layout_loops_ring, first_ration, saegor_snake_ambush, uniq_natasha,
          uniq_pikel
D:5:      layout_loops_ring, marbit_many_paths, kennysheep_doodads
D:6:      layout_loops_corners
D:7:      layout_loops_corners, minmay_temple_entry_trees, enter_bailey_7
D:8:      layout_rooms, kennysheep_mini, slow_altar_2, minmay_lair_entry_grove,
          uniq_prince_ribbit1, uniq_psyche

Skill      XL: |  1  2  3  4  5  6  7  8  9 10 |
---------------+-------------------------------+-----
Fighting       | 1 2 4 5 6 7 |  7.4
Dodging        | 3 5 7 |  7.8
Spellcasting   | 3 4 5 6 7 |  7.2
Earth Magic    | 4 5 6 7 8 |  8.0
Shields        | 1 3 |  3.6
Invocations    | 1 4 |  4.0
Stealth        | |  2.7
Transmutations | |  1.0

Action                   |  1- 3 |  4- 6 |  7- 9 | 10-12 || total
-------------------------+-------+-------+-------+-------++-------
Melee: Unarmed           |     3 |       |       |       ||     3
       Club              |    16 |     1 |       |       ||    17
       Constrict         |     5 |     9 |    28 |       ||    42
       Tentacles         |     3 |     5 |    23 |       ||    31
       Falchion          |       |    20 |    77 |       ||    97
       Whip              |       |       |    12 |     1 ||    13
Throw: Dart              |       |     1 |     6 |     8 ||    15
 Cast: Sandblast         |    40 |    32 |   149 |    75 ||   296
       Stone Arrow       |       |       |    50 |    36 ||    86
       Petrify           |       |       |       |     3 ||     3
Evoke: Wand              |       |       |       |    12 ||    12
  Use: Potion            |       |       |     2 |     1 ||     3
       Scroll            |       |       |     1 |       ||     1
 Stab: Sleeping          |     1 |     6 |     9 |       ||    16
  Eat: Chunk             |     3 |     5 |    15 |     4 ||    27
       Ration            |       |       |     2 |     1 ||     3
Armor: Skin              |     8 |     1 |    10 |       ||    19
Dodge: Dodged            |    23 |    26 |   147 |    31 ||   227
       Rpst.: Falchion   |       |     7 |    25 |       ||    32

Table legend:
 A = Non-vault XP
 B = Vault XP
 C = Vault XP percentage of total XP
 D = Non-vault monster count
 E = Vault monster count
 F = Vault count percentage of total count
                 A         B        C        D         E       F
            +---------+---------+-------+---------+---------+-------
      Total |    5251 |    3255 |  38.3 |     199 |      40 |  16.7
            +---------+---------+-------+---------+---------+-------
        D:1 |      45 |       0 |   0.0 |      17 |       0 |   0.0
        D:2 |     105 |       4 |   3.7 |      26 |       2 |   7.1
        D:3 |     141 |      39 |  21.7 |      20 |      14 |  41.2
        D:4 |     426 |     690 |  61.8 |      13 |       4 |  23.5
        D:5 |     775 |       3 |   0.4 |      28 |       1 |   3.4
        D:6 |     795 |       0 |   0.0 |      32 |       0 |   0.0
        D:7 |    1338 |     871 |  39.4 |      36 |       8 |  18.2
        D:8 |    1626 |    1648 |  50.3 |      27 |      11 |  28.9
            +---------+---------+-------+---------+---------+-------
